 Dungeon Crawl Stone Soup version 0.29.0-4-gdea44cf6ec (webtiles) character file.

Game seed: 17383782454239875838

3 qw the Vexing (level 1, -1/16 HPs)
             Began as an Ogre Enchanter on Sept 4, 2022.
             Frozen to death by an endoplasm (5 damage)
             ... on level 1 of the Dungeon.
             The game lasted 00:00:06 (75 turns).

qw the Vexing (Ogre Enchanter)                        Turns: 75, Time: 00:00:06

Health: -1/16      AC:  3    Str: 11    XL:     1   Next: 50%
Magic:  3/3        EV:  9    Int: 16    God:
Gold:   0          SH:  0    Dex:  9    Spells: 4/4 levels left

rFire   . . .      SeeInvis .   a - +1 dagger
rCold   . . .      Faith    .   (no shield)
rNeg    . . .      Spirit   .   b - +0 robe
rPois   .          Reflect  .   (helmet restricted)
rElec   .          Harm     .   (no cloak)
rCorr   .          Rampage  .   (gloves unavailable)
Will    .....                   (boots unavailable)
Stlth   ++........              (no amulet)
HPRegen 0.05/turn               (no ring)
MPRegen 0.08/turn               (no ring)

@: no status effects
A: large, unfitting armour, tough skin 1
a: no special abilities


You were on level 1 of the Dungeon.
You visited 1 branch of the dungeon, and saw 1 of its levels.


Innate Abilities, Weirdness & Mutations

You are too large for most types of armour.
You have tough skin. (AC +1)


   Skills:
 + Level 0.0 Fighting
 - Level 0.8 Short Blades
 - Level 1.0 Axes
 - Level 1.7 Dodging
 - Level 2.1 Stealth
 - Level 2.4 Spellcasting
 - Level 2.6 Hexes


You had 4 spell levels left.
You didn't know any spells.
Your spell library contained the following spells:

 Spells                   Type           Power      Damage    Failure   Level
 Ensorcelled Hibernation  Hex/Ice        12%        N/A       17%         2
 Confusing Touch          Hex            10%        N/A       21%         3
 Tukima's Dance           Hex            10%        N/A       21%         3
 Dazzling Flash           Conj/Hex       12%        N/A       34%         3

Inventory:

Hand Weapons
 a - a +1 dagger (weapon)
Armour
 b - a +0 robe (worn)
Scrolls
 e - a scroll of fear {unknown}
Potions
 c - 2 potions of invisibility
 d - a potion of flight {unknown}

Dungeon Overview and Level Annotations

Branches:
Dungeon (1/15)

Altars:


Message History

The bat closely misses you. The hobgoblin barely misses you.
The frilled lizard hisses angrily.
You hit the bat.
The bat is heavily wounded.
The bat hits you but does no damage. The hobgoblin hits you.
You hit the hobgoblin.
The hobgoblin is moderately wounded.
An endoplasm comes into view.
The hobgoblin completely misses you. The bat barely misses you.
The endoplasm quivers.
You hit the bat but do no damage.
The bat is heavily wounded.
The bat hits you but does no damage. The hobgoblin barely misses you.
You hit the hobgoblin.
The hobgoblin is severely wounded.
The hobgoblin closely misses you. The bat hits you but does no damage.
You barely miss the hobgoblin.
The hobgoblin is severely wounded.
The bat closely misses you.
The hobgoblin hits you but does no damage.
70 ||| Stepping ~*~*~tactically~*~*~ (outnumbered).
You hit the hobgoblin but do no damage.
The hobgoblin is severely wounded.
The bat barely misses you. The frilled lizard bites you.
The hobgoblin hits you.
You hit the hobgoblin.
You kill the hobgoblin!
The frilled lizard bites you but does no damage.
Your Axes skill increases to level 1!
You miss the bat. The bat barely misses you. The bat closely misses you.
The frilled lizard bites you.
You hit the bat but do no damage. The bat hits you but does no damage.
The bat barely misses you. x2
The endoplasm freezes you.
You are frozen.
The frilled lizard bites you.
You barely miss the bat. The bat barely misses you. The endoplasm freezes you.
You are frozen.
You die... ##... ..PPPP..PPPPP.. ....... #..PPP.PPP...PPP ....... #..PPP.PP.PPP.PP

.......
#..PP.PP.PP.PP..
......##..PP.P.PP.P.PP.
..........PP(P.P.PPP.P.
#......PP.P.PP.P.PP.


#.blJ..PP.PP.PP.PP.P #..@...PPP.PP.PPP.PP ######.PPP.PPP...PP. #.PPPP..PPPP...
#.PPPPPP.....PP #.PPPPPPPP.PPPP #.######...#### #.######.### #........#
#...###### You could see an endoplasm, a bat and a frilled lizard.

Vanquished Creatures
  2 hobgoblins (D:1)
  A frilled lizard (D:1)
3 creatures vanquished.

Vanquished Creatures (others)
  4 plants (D:1)
4 creatures vanquished.

Grand Total: 7 creatures vanquished

Notes
Turn   | Place    | Note
-------+----------+-------------------------------------------
     0 | D:1      | qw the Ogre Enchanter began the quest for the Orb.
     0 | D:1      | Reached XP level 1. HP: 16/16 MP: 3/3
     0 | D:1      | 0 ||| qw: Version: 0.1-a-103-gd6f5d3a
     0 | D:1      | 0 ||| qw: Game counter: 5483
     0 | D:1      | 0 ||| qw: Always use a shield: true
     0 | D:1      | 0 ||| qw: God list: Okawaru
     0 | D:1      | 0 ||| qw: Allow faded altars: false
     0 | D:1      | 0 ||| qw: Do Orc after D:15 true
     0 | D:1      | 0 ||| qw: Do second Lair branch before Depths: true
     0 | D:1      | 0 ||| qw: Lair rune preference: random
     0 | D:1      | 0 ||| qw: Plans: Normal
     0 | D:1      | 0 ||| PLANNING D:1-11
    15 | D:1      | 15 ||| Stepping ~*~*~tactically~*~*~ (outnumbered).
    70 | D:1      | 70 ||| Stepping ~*~*~tactically~*~*~ (outnumbered).
    73 | D:1      | Reached skill level 1 in Axes
    74 | D:1      | HP: 4/16 [frilled lizard (1)]
    75 | D:1      | Frozen to death by an endoplasm

Levels and vault maps discovered:
D:1:      roderic_crop_circles_arrival_small, layout_basic,
          chequers_ecumenical_altar_simple_redux, serial_shops,
          nicolae_shop_bloodbath_and_beyond, minmay_strange_pillars

Skill      XL: |  1 |
---------------+----+-----
Axes           | 1 |  1.0
Short Blades   | |  0.8
Dodging        | |  1.7
Stealth        | |  2.1
Spellcasting   | |  2.4
Hexes          | |  2.6

Action                   || total
-------------------------++-------
Melee: Dagger            ||    20
Armor: Robe              ||    10
Dodge: Dodged            ||    17

Table legend:
 A = Non-vault XP
 B = Vault XP
 C = Vault XP percentage of total XP
 D = Non-vault monster count
 E = Vault monster count
 F = Vault count percentage of total count
                 A         B        C        D         E       F
            +---------+---------+-------+---------+---------+-------
      Total |       5 |       0 |   0.0 |       3 |       0 |   0.0
            +---------+---------+-------+---------+---------+-------
        D:1 |       5 |       0 |   0.0 |       3 |       0 |   0.0
            +---------+---------+-------+---------+---------+-------
